 Dungeon Crawl Stone Soup version 0.29-a0-88-g03a7b78be7 (webtiles) character file.

Game seed: 3851246100921224997

14 dmks the Firebug (level 2, 20/20 HPs)
             Began as a Draconian Fire Elementalist on Feb 5, 2022.
             Was a Follower of Jiyva.
             Got out of the dungeon alive.
             The game lasted 00:01:36 (855 turns).

dmks the Firebug (Draconian Fire Elementalist)       Turns: 855, Time: 00:01:37

Health: 20/20      AC:  4    Str: 10    XL:     2   Next: 31%
Magic:  5/5        EV: 12    Int: 15    God:    Jiyva [*.....]
Gold:   28         SH:  0    Dex: 11    Spells: 4/5 levels left

rFire   . . .      SeeInvis .   (no weapon)
rCold   . . .      Faith    .   (no shield)
rNeg    . . .      Spirit   .   (armour unavailable)
rPois   +          Reflect  .   (helmet restricted)
rElec   .          Harm     .   (no cloak)
rCorr   .          Rampage  .   (no gloves)
Will    .....                   (no boots)
Stlth   ++........              (no amulet)
HPRegen 0.86/turn               a - ring of poison resistance
MPRegen 0.34/turn               (no ring)

@: no status effects
A: AC +4, unfitting armour, cold-blooded
a: Renounce Religion


You escaped.
You worshipped Jiyva.
Jiyva was aware of your devotion.
You visited 1 branch of the dungeon, and saw 1 of its levels.

You collected 28 gold pieces.

Inventory:

Jewellery
 a - a ring of poison resistance (left hand)
   (You found it on level 1 of the Dungeon)
Scrolls
 b - a scroll of immolation {unknown}
 d - a scroll of identify {unknown}
Potions
 c - a potion of haste {unknown}


   Skills:
 - Level 1.7 Dodging
 - Level 1.7 Stealth
 + Level 2.1 Spellcasting
 * Level 1.6 Conjurations
 * Level 3.3 Fire Magic


You had 4 spell levels left.
You knew the following spells:

 Your Spells              Type           Power      Damage    Failure   Level
a - Foxfire               Conj/Fire      36%        2x1d5     8%          1

Your spell library contained the following spells:

 Spells                   Type           Power      Damage    Failure   Level
 Scorch                   Fire           22%        2d6       9%          2
 Conjure Flame            Conj/Fire      9%         6-21      24%         3
 Inner Flame              Hex/Fire       6%         N/A       32%         3
 Flame Wave               Conj/Fire      9%         2d5       61%         4


Dungeon Overview and Level Annotations

Branches:
Dungeon (1/15)

Altars:
Jiyva


Innate Abilities, Weirdness & Mutations

Your plain brown scales are hard. (AC +4)
You cannot fit into any form of body armour.
You are cold-blooded and may be slowed by cold attacks.


Message History

There is not enough space to conjure foxfire!
There is not enough space to conjure foxfire!
Unknown command.
The foxfire hits the endoplasm.
You kill the endoplasm!
The foxfire hits the dart slug.
You conjure some foxfire!
The foxfire hits the dart slug. x2
The dart slug launches a dart at you. The slug dart hits you.
You conjure some foxfire!
The foxfire hits the dart slug but does no damage.
The foxfire hits the dart slug.
You kill the dart slug!
You see here a +0 hand axe.
Found a dagger.
Found a scroll labelled RABOCA DORGHOUX.
There is an empty arch of ancient stone here.
Found a faded altar of an unknown god.
d - a scroll labelled RABOCA DORGHOUX A bat comes into view.
The bat barely misses you. The bat closely misses you.
The bat hits you but does no damage. The bat misses you.
The bat closely misses you. The bat barely misses you.
You conjure some foxfire!
The bat completely misses you.
The foxfire hits the bat. x2
You kill the bat!
You conjure some foxfire!
There is a faded altar of an unknown god here.
You cannot tell which god this altar belongs to.
Convert to them anyway?
Okay, then.
You cannot tell which god this altar belongs to.
Convert to them anyway?
Jiyva accepts your prayer! Jiyva welcomes you!
Jiyva begins accelerating your health and magic regeneration.
Okay, then.
Okay, then.
You see here 20 stones.
Okay, then.
Okay, then.
You see here a dart slug corpse.
You can't see that place. [a translucent rock wall.]
There is a staircase leading out of the dungeon here.
You can't go down here!
You can't go down here!
Are you sure you want to leave the Dungeon?
This will make you lose the game!
You have escaped!

#.......#####...######..###.###
#....##.## ##...## ###..###....
####.##..###..#..###...........
#.###.##..#.#..##.##.###...#
#.#......#...#........##....
#.#.#####.....#####.#.##...#
#+#..#...........#..#..#...#
.#.(#.........#..###.#....
..#..#....@....#..###.#..##
.....#...........#..##.#..#
....#####.....#####.##....#
.........#...#......###...#
.....###..#.#..##.....).>.#
#+### ##..#...........##.#
#####.########...####......##.#
.+.................#
#......##.#
.#####)#####.#####'#
#......##'##


There were no monsters in sight!

Vanquished Creatures
  A dart slug (D:1)
  2 endoplasms (D:1)
  2 goblins (D:1)
  A quokka (D:1)
  3 bats (D:1)
  3 rats (D:1)
12 creatures vanquished.

Vanquished Creatures (others)
  42 foxfires (D:1)
42 creatures vanquished.

Grand Total: 54 creatures vanquished

Notes
Turn   | Place    | Note
-------+----------+-------------------------------------------
     0 | D:1      | dmks the Draconian Fire Elementalist began the quest for
                  | the Orb.
     0 | D:1      | Reached XP level 1. HP: 14/14 MP: 3/3
   620 | D:1      | Reached XP level 2. HP: 20/20 MP: 3/5
   779 | D:1      | Found a faded altar of an unknown god.
   817 | D:1      | Prayed at the altar of an unknown god.
   817 | D:1      | Became a worshipper of Jiyva Jurobett the Shapeless
   817 | D:1      | Reached * piety under Jiyva
   855 | D:$      | Got out of the dungeon alive.

Illustrated notes

Levels and vault maps discovered:
D:1:      scummos_arrival_star, layout_basic,
          hellmonk_ecumenical_altar_arch_garden

Action                   || total
-------------------------++-------
 Cast: Foxfire           ||    30
Armor: Skin              ||     6
Dodge: Dodged            ||    11

Table legend: (Time is in decaauts)
 A = Elapsed time spent in this place.
 B = Non-inter-level travel time spent in this place.
 C = Inter-level travel time spent in this place.
 D = Time resting spent in this place.
 E = Time spent auto-exploring this place.
 F = Levels seen in this place.
 G = Mean time per level.
                   A        B        C        D        E       F      G
               +--------+--------+--------+--------+--------+-----+--------+
         Total |    854 |    845 |      9 |      0 |    695 |   1 |  854.0 |
       Dungeon |    854 |    845 |      9 |      0 |    695 |   1 |  854.0 |
               +--------+--------+--------+--------+--------+-----+--------+

Top non-repeatable levels by time:
     D:1: 854 daAuts
